Map: Rifts to Korhal

Players

NamroodTuo

  • Race: Zerg Zerg

Kaktuskobold

  • Race: Terran Terran
  • Spawn Location: 7:00

VOD

Have the link to the VOD?

Description

Time

  • Played on: Feb. 11, 2023, 8:53 a.m.
  • Length: 27:07
Show
View Real Time Build Order
Export as new Build Order

NamroodTuo Zerg 

Build Orders:  

Get SALT Encoding   

  12  0:03  Infested SCV  
  13  0:12  Infested SCV  
  14  0:26  Overlord  
  14  0:34  Infested SCV  
  15  0:42  Overlord  
  15  0:53  Infested SCV  
  16  1:06  Infested SCV  
  17  1:22  Infested SCV  
  17  1:29  Infested Barracks  
  18  1:39  Infested SCV  
  19  1:56  Infested Barracks, Infested SCV  
  20  2:02  Infested Refinery  
  20  2:05  Infested Refinery  
  20  2:10  Overlord  
  20  2:25  Infested SCV  
  21  2:43  Infested Marine x3  
  21  2:46  Infested Marine  
  25  3:01  Infested Barracks Tech Lab  
  25  3:03  Infested SCV  
  25  3:04  Infested SCV  
  27  3:18  Infested SCV  
  28  3:39  Infested Marine x3  
  31  3:40  Infested Marine x2  
  31  3:42  Retinal Augmentation  
  33  3:52  Infested Engineering Bay  
  33  3:53  Overlord  
  33  3:54  Infested SCV  
  34  4:07  Infested Barracks  
  31  4:22  Infested SCV x2  
  36  4:40  Infested Bunker  
  36  4:43  Infested SCV  
  37  4:50  Overlord  
  37  5:05  Infested SCV  
  33  5:25  Infested Marine  
  33  5:26  Infested Marine x20  
  33  5:27  Infested Marine  
  51  6:13  Regenerative Plating  
  51  6:34  Infested SCV  
  51  6:35  Infested SCV  
  51  6:37  Overlord  
  51  6:38  Infested SCV  
  54  6:42  Infested Command Center  
  54  7:06  Infested Barracks  
  36  7:13  Stukov Infantry Weapons Level 1, Infested Barracks  
  36  7:22  Plagued Munitions  
  36  7:46  Overlord x3  
  36  8:16  Infested Bunker  
  40  8:25  Infested SCV  
  40  8:26  Infested SCV  
  42  8:39  Infested Marine x5  
  47  8:57  Infested SCV x2  
  47  8:58  Infested SCV  
  50  9:08  Infested SCV  
  51  9:19  Infested Factory  
  51  9:33  Infested SCV x2  
  53  9:43  Infested SCV  
  54  9:53  Overlord, Stukov Infantry Armor Level 1  
  54  9:54  Overlord  
  54  9:55  Infested SCV x3  
  57  10:00  Unknown  
  57  10:07  Infested SCV  
  58  10:12  Infested SCV  
  54  10:26  Infested SCV  
  54  10:27  Infested Engineering Bay  
  59  10:41  Infested Marine  
  59  10:42  Infested Marine x21, Infested Bunker  
  59  10:43  Infested Marine x8  
  89  11:07  Infested Bunker  
  93  11:10  Stukov Infantry Weapons Level 2  
  93  11:19  Infested Armory  
  93  11:31  Infested Marine  
  93  11:32  Infested Marine x13  
  107  11:43  Infested Marine x2  
  83  12:13  Infested Marine  
  83  12:14  Infested Marine x16  
  83  12:15  Infested Marine x20  
  83  12:16  Infested Marine x6  
  117  12:34  Stukov Infantry Armor Level 2  
  110  12:43  Infested SCV x4  
  110  12:44  Infested SCV  
  117  13:01  Infested Bunker  
  117  13:07  Overlord x3  
  117  13:08  Overlord x3  
  110  13:20  Infested Marine  
  110  13:21  Infested Marine x6  
  110  13:28  Infested Marine  
  116  13:49  Infested Marine x4  
  108  13:50  Infested Marine x20  
  108  13:51  Infested Marine x13  
  117  14:01  Infested Marine  
  117  14:02  Infested Marine x13  
  117  14:03  Infested Marine x2  
  130  14:11  Infested Marine  
  130  14:12  Infested Marine x13  
  130  14:13  Infested Marine x12  
  155  14:20  Calcified Armor  
  137  14:56  Infested Marine x4  
  137  14:57  Infested Marine x18  
  155  15:05  Stukov Vehicle and Ship Weapons Level 1  
  93  15:20  Stukov Infantry Weapons Level 3  
  163  15:25  Infested Bunker  
  131  15:43  Infested Bunker  
  109  15:51  Infested Marine, Infested Bunker  
  109  15:52  Infested Marine x13  
  123  16:15  Stukov Infantry Armor Level 3  
  123  16:23  Infested Marine x6  
  123  16:24  Infested Marine x18  
  147  16:35  Infested Marine  
  147  16:36  Infested Marine x10  
  147  16:37  Infested Marine x13  
  149  16:45  Infested Refinery  
  149  16:46  Infested Bunker  
  149  16:50  Infested Refinery  
  149  16:51  Overlord x2  
  149  16:54  Overlord  
  149  16:58  Overlord  
  149  17:10  Infested Barracks  
  149  17:23  Infested Barracks  
  133  17:45  Stukov Vehicle and Ship Armor Level 1  
  87  18:23  Overlord  
  87  18:24  Overlord x2  
  87  18:26  Aggressive Incubation  
  87  18:32  Infested Marine  
  87  18:33  Infested Marine x19  
  87  18:34  Infested Marine x21  
  87  18:35  Infested Marine x2  
  130  18:45  Infested Barracks  
  134  18:54  Infested Marine x6  
  134  18:55  Infested Marine x20  
  160  19:13  Infested Marine  
  160  19:14  Infested Marine x14  
  171  19:33  Infested Marine  
  171  19:34  Infested Marine x17  
  171  19:35  Infested Marine x10  
  198  19:48  Infested Bunker  
  197  19:54  Infested Marine  
  197  19:55  Infested Marine x2  
  159  20:21  Infested Marine  
  159  20:22  Infested Marine x11  
  159  20:23  Infested Marine x21  
  186  20:33  Infested Marine  
  186  20:34  Infested Marine x9  
  186  20:35  Infested Marine x19  
  198  20:41  Infested Marine  
  198  20:42  Infested Marine  
  185  20:57  Infested Marine x3  
  185  20:58  Infested Marine x12  
  169  21:59  Infested Marine  
  137  22:00  Infested Marine x9  
  137  22:01  Infested Marine x14  
  137  22:05  Infested Bunker  
  125  22:24  Infested Marine  
  125  22:25  Infested Marine  
  125  22:26  Infested Marine x13  
  125  22:27  Infested Marine x15  
  144  22:46  Infested Marine x3  
  144  22:47  Infested Marine x22  
  144  22:48  Infested Marine x14  
  178  23:25  Infested Marine  
  178  23:26  Infested Marine x6  
  183  23:31  Infested Marine  
  183  23:32  Infested Marine x16  
  183  23:44  Infested Marine x5  
  183  23:45  Infested Marine x12  
  159  24:26  Infested Marine x4  
  159  24:27  Infested Marine x21  
  159  24:28  Infested Marine x20  
  159  24:29  Infested Marine x18  
  158  25:20  Infested Marine  
  158  25:21  Infested Marine x8  
  158  25:22  Infested Marine x21  
  158  25:23  Infested Marine x19  
  158  25:25  Infested Marine x2  
  185  25:59  Infested Marine  
  173  26:00  Infested Marine x7  
  173  26:01  Infested Marine x18  
  159  26:20  Infested Marine  
  159  26:21  Infested Marine x16  
  159  26:22  Infested Marine x10  
Show
View Real Time Build Order
Export as new Build Order

Kaktuskobold Terran 

Build Orders:  

Get SALT Encoding   

  12  0:03  SCV  
  13  0:20  Supply Depot  
  13  0:38  Barracks  
  13  0:43  SCV  
  14  1:00  SCV  
  14  1:04  Refinery  
  8  1:10  Marine  
  15  1:17  SCV  
  17  1:20  Marine  
  18  1:32  Marine  
  18  1:38  SCV  
  20  1:43  Marine  
  21  1:53  Marine  
  21  1:55  SCV  
  23  2:06  Barracks Tech Lab  
  23  2:20  Supply Depot  
  23  2:42  SCV  
  23  2:48  Medic  
  22  2:58  Medic  
  24  3:01  SCV  
  24  3:06  Refinery  
  24  3:08  Marine  
  24  3:09  Engineering Bay  
  27  3:18  Marine, SCV  
  29  3:28  Marine  
  31  3:51  Supply Depot  
  31  4:03  Factory  
  31  4:19  Medic  
  31  4:25  Supply Depot  
  31  4:29  Marine, SCV  
  35  4:54  Command Center  
  35  4:58  SCV  
  36  5:09  Terran Infantry Weapons Level 1  
  36  5:15  SCV  
  37  5:22  Marauder  
  39  5:34  Marine  
  39  5:38  SCV  
  41  5:51  Supply Depot  
  41  5:56  Marauder  
  43  6:00  SCV  
  39  6:20  SCV  
  44  6:22  Refinery  
  45  6:36  Supply Depot  
  45  6:38  Refinery  
  45  6:39  SCV  
  46  6:52  Barracks  
  46  7:02  Engineering Bay  
  46  7:19  Starport  
  46  7:25  SCV  
  46  7:29  SCV  
  48  7:40  Terran Infantry Armor Level 1  
  48  7:46  SCV  
  49  8:04  Armory  
  49  8:13  Barracks Reactor  
  49  8:23  SCV x2  
  51  8:34  Marine  
  52  8:40  SCV x2  
  52  8:44  Medic  
  52  9:13  Armory  
  52  9:29  SCV x2  
  54  9:39  Marauder  
  54  9:46  SCV x2  
  58  9:51  Starport  
  58  9:52  Marauder  
  60  10:00  Supply Depot  
  60  10:03  SCV x2  
  62  10:12  Supply Depot  
  62  10:20  Unknown, SCV x2  
  62  10:26  Terran Infantry Weapons Level 2  
  64  10:30  Supply Depot  
  64  10:37  SCV x2, Terran Infantry Armor Level 2  
  66  10:43  Fusion Core  
  66  10:44  Supply Depot  
  66  10:53  Starport Tech Lab x2  
  66  10:59  Terran Vehicle and Ship Weapons Level 1  
  66  11:00  Terran Vehicle And Ship Armor Level 1  
  66  11:05  Marine x2  
  66  11:08  Marauder  
  70  11:21  Marauder  
  70  11:26  Orbital Command  
  70  11:28  Orbital Command  
  72  11:31  Marine x2  
  72  11:34  Medic  
  76  11:51  Marine x2  
  76  12:18  Marauder  
  76  12:20  Marine x2  
  77  12:30  Marine x2, Marauder  
  75  12:40  Marine  
  75  12:41  Marine  
  75  12:42  Medic  
  79  12:53  Medic  
  79  13:01  Marine x2  
  79  13:03  Medic  
  82  13:11  Marine x2  
  82  13:13  Medic  
  82  13:15  Stabilizer Medpacks  
  83  13:23  Marine x2  
  83  13:24  Marine  
  83  13:25  Unknown  
  84  13:33  Marine x2  
  84  13:34  Medic  
  88  13:41  Supply Depot  
  88  13:43  Marine x2  
  88  13:44  Medic  
  88  13:47  Unknown  
  92  13:55  Marauder  
  92  13:57  Marine  
  92  13:58  Marine  
  94  14:07  Marauder  
  94  14:08  Marine x2  
  95  14:14  Supply Depot  
  99  14:20  Marauder  
  101  14:33  Marauder  
  91  14:41  Marine x2  
  91  14:45  Marine  
  94  14:51  Marine x2  
  94  14:59  SCV x2  
  98  15:06  Terran Infantry Weapons Level 3  
  98  15:07  Terran Infantry Armor Level 3  
  98  15:11  Terran Vehicle and Ship Weapons Level 2, Terran Vehicle And Ship Armor Level 2  
  98  15:15  Unknown  
  98  15:16  SCV x2  
  98  15:18  Concussive Shells  
  100  15:25  Supply Depot  
  100  15:31  Medic  
  100  15:33  Marine x2, SCV x2  
  106  15:41  Medic  
  106  15:43  Marine x2  
  110  15:52  Marauder  
  110  15:57  Supply Depot  
  112  16:09  Supply Depot  
  112  16:11  Weapon Refit  
  112  16:28  Supply Depot  
  112  16:42  Supply Depot  
  112  16:45  Battlecruiser  
  118  16:59  Battlecruiser  
  118  17:00  Supply Depot  
  124  17:14  Supply Depot  
  121  17:32  Battlecruiser  
  126  17:40  Marine  
  126  17:41  Marine x2  
  126  17:46  Battlecruiser, Supply Depot  
  135  17:51  Marine  
  135  17:56  Neosteel Frame  
  136  18:10  Supply Depot  
  136  18:14  Supply Depot  
  136  18:28  Battlecruiser  
  136  18:30  Battlecruiser  
  136  18:38  Marauder  
  148  18:42  Marine x2  
  148  18:47  Structure Armor, Unknown  
  152  18:50  Marauder  
  154  19:27  Terran Vehicle and Ship Weapons Level 3  
  154  19:28  Terran Vehicle And Ship Armor Level 3  
  154  19:37  Battlecruiser  
  151  21:01  Battlecruiser x2  
  151  21:05  Marauder  
  151  21:06  Marine x2  
  167  21:16  Marine x2  
  167  21:18  Marauder  
  169  21:26  Marine x2  
  173  21:30  Medic  
  173  21:36  Marine x2  
  177  21:40  Medic  
  177  21:44  Battlecruiser x2  
  191  23:23  Marine x2  
  191  23:25  Marine  
  194  23:33  Marine  
  195  25:06  Marine x2  
Tags
 
Commander
RaynorStukov
Matchup
Co-op
Replay Pack
Multiplayer
Add a new tag
Caveats
  • Supply blocks, unpowered buildings, or Contaminate may cause inaccurate times.
  • Supply counts are checked every 10 seconds.